AoeStats
← matheusvalera

Arena

507082637Analyzed
1v1 RM · 16d ago on Sep 16, 2026· 34m 44s· 2 players
Game mode
Random Map
Map size
Tiny (2 player)
Population
200
Speed
Normal
Resources
Standard
Victory
Conquest
Starting age
Dark Age
Ending age
Imperial Age
RankedLock teamsTeams togetherTeam positionsShared explorationLock speedFull tech treeHidden civsTurbo modeCheats
Victory
Defeat
🇺🇸 Turks · United States
1006
+16
🇩🇪 Byzantines · Germany
1000
-48
matheusvalera
8:49 Loom
12:45 Feudal Age
13:16 Double-Bit Axe
13:22 Horse Collar
13:38 Gold Mining
17:05 Wheelbarrow
20:13 Castle Age
21:10 Bow Saw
21:03 Heavy Plow
21:43 Gold Shaft Mining
22:27 Stone Mining
25:00 Husbandry
28:14 Hand Cart
30:24 Forging
30:07 Fletching
34:59 Ballistics
yawolloh
2:19 Loom
10:26 Loom
12:14 Feudal Age
16:56 Castle Age
14:58 Double-Bit Axe
15:17 Horse Collar
16:55 Bloodlines
17:00 Forging
17:55 Scale Barding Armor
19:06 Bow Saw
20:09 Heavy Plow
23:39 Gold Mining
25:04 Wheelbarrow
26:42 Hand Cart
30:00 Imperial Age
27:38 Padded Archer Armor
27:59 Chain Barding Armor
28:14 Iron Casting
27:33 Fletching
28:44 Gold Shaft Mining
29:22 Husbandry
29:41 Leather Archer Armor
34:53 Ring Archer Armor
34:58 Plate Barding Armor
35:23 Blast Furnace
Connection lost

Rejoining the realm…

Still unreachable

The connection could not be restored.

Session expired

The server has moved on; the page needs a fresh start.